[Event "Early-Titled-Tuesday-Blitz-May-28-2024"]
[Site "Chess.com"]
[Date "2024.05.28"]
[Round "8"]
[White "Resignify"]
[Black "Dewarfd"]
[Result "1/2-1/2"]
[WhiteElo "2308"]
[BlackElo "2143"]
[TimeControl "180+1"]
[EndTime "9:31:05 PDT"]
[Termination "Game drawn by stalemate"]

1. e4 c5 2. Nc3 g6 3. g3 Bg7 4. Bg2 d6 5. d3 Nc6 6. f4 Nf6 7.
Nf3 O-O 8. O-O Rb8 9. Rb1 b5 10. a3 a5 11. h3 Nd7 12. Be3 e6 13. Kh2 b4 14. axb4 axb4 15. Ne2 Ra8 16. Rf2 Ra2 17. c3 bxc3 18. bxc3 Qa5 19. d4 Ba6 20. Bf1 Bxe2 21. Rxe2 Rxe2+ 22. Qxe2 Qxc3 23. dxc5 Nxc5 24. Rc1 Qb4 25.
Bxc5 dxc5 26. Qc4 Qxc4 27. Rxc4 Nd4 28. Bg2 Nxf3+ 29. Bxf3 Bd4 30. e5 Rb8 31. Rc2 Rb2 32. Rxb2 Bxb2 33. Be2 Kf8 34. Kg2 Ke7 35. Kf3 Kd7 36.
Bb5+ Kc7 37. Be8 f6 38. exf6 Bxf6 39. Bf7 e5 40. fxe5 Bxe5 41. g4 Kd6 42. Bg8 h6 43. h4 Bf6 44. h5 gxh5 45. gxh5 Ke5 46. Kg4 Kd4 47. Bf7 Bg5 48. Bg8 c4 49. Bh7 c3 50. Bg6 Ke3 51. Bh7 Kd2 52. Bg6 Bd8 53. Bh7 Bc7 54. Bg6 c2 55. Bxc2 Kxc2 56. Kf3 Kd3 57. Kg2 Ke4 58. Kh1 Kf4 59. Kg1 Kg5 60. Kh1 Kxh5 61. Kg1 Kg4 62. Kh1 Kg3 63. Kg1 Bb6+ 64.
Kh1 h5 1/2-1/2

[Event "Early-Titled-Tuesday-Blitz-May-28-2024"]
[Site "Chess.com"]
[Date "2024.05.28"]
[Round "8"]
[White "Thjop"]
[Black "1stSecond"]
[Result "0-1"]
[WhiteElo "2644"]
[BlackElo "2927"]
[TimeControl "180+1"]
[EndTime "9:31:08 PDT"]
[Termination "1stSecond won by resignation"]

1. e4 c5 2. Nf3 e6 3. c3 Nf6 4. e5 Nd5 5. Bc4 Nb6 6. Bb3 c4 7. Bc2 Nc6 8. Qe2 g5 9. h3 Bg7 10. d4 cxd3 11. Bxd3 Qc7 12. Bxg5 Nxe5 13. Nxe5 Qxe5 14.
Qxe5 Bxe5 15. Nd2 h6 16. Be3 Nd5 17. Bd4 Bxd4 18. cxd4 Nb4 19. Ke2 Nxd3 20. Kxd3 b6 21. Rhc1 Bb7 22. g3 h5 23. h4 Rg8 24. Nc4 Ke7 25. Ne5 f6 26. Nc4 Rac8 27. Ne3 f5 28.
Rxc8 Rxc8 29. Re1 Kf6 30. Kd2 Bf3 31. Rc1 Rxc1 32. Kxc1 e5 33. dxe5+ Kxe5 34. Kd2 f4 35. Nc4+ Kd5 36. b3 Ke4 37. Nd6+ Ke5 38. Nc8 Kf5 39. Nxa7 Kg4 40. Nc8 fxg3 41. fxg3 Kxg3 42. Nxb6 Kxh4 43. Nxd7 Kg3 44. Ne5 h4 45. Ke1 h3 46. Nd3 h2 47.
Nf2 Bd5 48. Ke2 Kf4 49. Nd3+ Kg3 50. Nf2 Kg2 51. Ke3 Be6 52. Ke2 Bd7 53. Ke3 Bb5 54. a4 Bd7 55. a5 Bb5 56. b4 Ba6 57. Nh1 Kxh1 58. Kf2 Bb5 59. a6 Bxa6 60. b5 Bb7 61.
Ke1 Kg1 0-1

[Event "Early-Titled-Tuesday-Blitz-May-28-2024"]
[Site "Chess.com"]
[Date "2024.05.28"]
[Round "8"]
[White "VacheH009"]
[Black "AlexandraSamaganova"]
[Result "1-0"]
[WhiteElo "2551"]
[BlackElo "2397"]
[TimeControl "180+1"]
[EndTime "9:31:09 PDT"]
[Termination "VacheH009 won by checkmate"]

1. e4 c5 2. Nf3 e6 3. c3 d5 4. exd5 exd5 5. d4 Nc6 6. Bb5 Bd6 7. dxc5 Bxc5 8. O-O Ne7 9. Re1 O-O 10. Be3 Bd6 11.
h3 Bf5 12. Bd3 Bg6 13. Bxg6 hxg6 14. Nbd2 Bc7 15. Nb3 Re8 16. Qd2 b6 17. Bf4 Qd7 18. Bxc7 Qxc7 19. Re2 Kf8 20. Rae1 a5 21. Qg5 f6 22. Qh4 Kf7 23. Nbd4 Nxd4 24. Nxd4 Nc6 25. Ne6 Qd6 26. g3 Ne5 27. Nd4 Nc6 28. Rxe8 Rxe8 29.
Rxe8 Kxe8 30. Qg4 Kf7 31. Nf3 Ne5 32. Nxe5+ fxe5 33. Qg5 d4 34. cxd4 exd4 35. Kf1 d3 36. Ke1 Qe7+ 37. Qxe7+ Kxe7 38. Kd2 Kd6 39. Kxd3 Kd5 40.
h4 b5 41. f3 Ke5 42. Ke3 Kf5 43. g4+ Ke5 44. f4+ Ke6 45. Ke4 b4 46. Kd4 Kd6 47.
Kc4 a4 48. Kxb4 Kd5 49. Kxa4 Ke4 50. b4 Kxf4 51. b5 Kxg4 52. b6 Kxh4 53. b7 g5 54.
b8=Q g4 55. Qh2+ Kg5 56. Qg3 g6 57. Kb5 Kh5 58. a4 g5 59. a5 Kg6 60. a6 Kf5 61. a7 Ke4 62. a8=Q+ Kd4 63. Qd8+ Ke4 64. Qdd3# 1-0

[Event "Early-Titled-Tuesday-Blitz-May-28-2024"]
[Site "Chess.com"]
[Date "2024.05.28"]
[Round "8"]
[White "lluiss"]
[Black "ASKA538"]
[Result "1/2-1/2"]
[WhiteElo "2175"]
[BlackElo "2356"]
[TimeControl "180+1"]
[EndTime "9:31:10 PDT"]
[Termination "Game drawn - insufficient material"]

1. Nf3 Nf6 2. d4 d5 3. c4 e6 4. cxd5 exd5 5. Nc3 Bf5 6. Bg5 c6 7. Qb3 b6 8. a4 Nbd7 9. a5 Bd6 10. e3 O-O 11.
Be2 bxa5 12. Nh4 Be6 13. O-O Rb8 14. Qc2 h6 15. Bxf6 Qxf6 16. Nf3 Bf5 17. Bd3 Bxd3 18.
Qxd3 Bb4 19. Na4 Rfe8 20. Rfc1 Qe6 21. Rc2 Nf6 22. Rac1 Rec8 23. Qa6 c5 24. Qxe6 fxe6 25. dxc5 Rc6 26. Ne5 Rc7 27. f3 Kf8 28. Kf2 Ke7 29. Ng6+ Kd8 30. Ne5 Nd7 31. Nd3 Rb5 32. c6 Nb6 33. Nac5 Ke7 34. Na6 Rc8 35. c7 Nc4 36. b3 Nd6 37. Naxb4 axb4 38. Rc6 Rb6 39. Rxb6 axb6 40. Nxb4 Nb5 41. Na6 Kd6 42. Ke2 Nxc7 43. Nxc7 Rxc7 44. Rxc7 Kxc7 45. Kd3 Kc6 46. f4 Kc5 47.
Kc3 b5 48. b4+ Kd6 49. Kd4 Ke7 50. g4 Kd6 51. e4 dxe4 52. Kxe4 g6 53. h4 h5 54. f5 gxf5+ 55. gxf5 e5 56. f6 Ke6 57. f7 Kxf7 58. Kxe5 Ke7 59. Kf5 Kd6 60. Kg5 Kd5 61.
Kxh5 Kc4 62. Kg6 Kxb4 63. h5 Ka3 64. h6 b4 65. h7 b3 66. h8=Q b2 67. Qh1 Ka2 68. Qg2 Ka1 69. Qxb2+ Kxb2 1/2-1/2

[Event "Early-Titled-Tuesday-Blitz-May-28-2024"]
[Site "Chess.com"]
[Date "2024.05.28"]
[Round "8"]
[White "David_George21"]
[Black "lefonghua"]
[Result "1-0"]
[WhiteElo "2416"]
[BlackElo "2545"]
[TimeControl "180+1"]
[EndTime "9:31:11 PDT"]
[Termination "David_George21 won by resignation"]

1. e4 f5 2. exf5 Nf6 3. Be2 e6 4. Bh5+ Ke7 5. fxe6 d5 6. d3 Bxe6 7. Be2 Nc6 8. Nf3 Kd7 9. Ng5 Qe8 10. Nxe6 Qxe6 11. O-O Bd6 12. Re1 Rae8 13. Nd2 Nd4 14. Kf1 Rhf8 15. Nf3 Ng4 16. Nxd4 Rxf2+ 17. Kg1 Bxh2+ 18.
Kh1 Rxe2 19. Nxe6 Rxe1+ 20. Qxe1 Rxe6 21. Qh4 h5 22. Bg5 g6 23. Re1 Be5 24. c3 c5 25.
Bd2 Bf6 26. Qg3 Be5 27. Qf3 Kd6 28. d4 cxd4 29. cxd4 Bxd4 30. Rxe6+ Kxe6 31. Qe2+ Be5 32. Bf4 Kf5 33. Bxe5 Nxe5 34. Qb5 Ke4 35. Qxb7 a5 36. Kg1 h4 37. Kf2 g5 38. Ke2 g4 39. Qh7+ Kf4 40.
Qxh4 d4 41. Qf2+ Ke4 42. Qf8 d3+ 43. Kd1 Nc4 44. Qe8+ Kd4 45. Qd7+ Ke4 46. Qxg4+ Kd5 47. Qf3+ Kd4 48. Qf4+ Kd5 49. b3 Nd6 50. Kd2 Ne4+ 51. Kxd3 Nc5+ 52. Kd2 Ne4+ 53. Ke3 Nc5 54. Qf5+ Kc6 55. Kd4 Nd7 56. Qe6+ Kc7 57. Kd5 a4 58. Qd6+ Kc8 59. Ke6 Nb8 60. Ke7 axb3 61. axb3 Kb7 62.
g4 Na6 63. Kf6 Nc7 64. g5 Kc8 65. Qe7 Nd5+ 66. Ke6 Nf4+ 67. Kf5 Nd5 68. Qe6+ Kc7 69. Qxd5 Kb6 70. g6 Kc7 71. g7 Kb6 72. g8=Q Kc7 73. Qge6 1-0

[Event "Early-Titled-Tuesday-Blitz-May-28-2024"]
[Site "Chess.com"]
[Date "2024.05.28"]
[Round "8"]
[White "SoyuzTM4"]
[Black "JoliyRoger"]
[Result "0-1"]
[WhiteElo "2239"]
[BlackElo "2449"]
[TimeControl "180+1"]
[EndTime "9:31:11 PDT"]
[Termination "JoliyRoger won on time"]

1. e4 c6 2. c4 d5 3. exd5 cxd5 4. cxd5 Qxd5 5. Nc3 Qd6 6. d4 e6 7. Nf3 Nf6 8. Bc4 Be7 9. O-O O-O 10. Qe2 Nc6 11. Rd1 Nb4 12. a3 Nbd5 13. Ne5 Bd7 14. Bg5 Nxc3 15.
bxc3 Bc6 16. Bd3 Rac8 17. c4 Rfe8 18. Bxf6 Bxf6 19. Bxh7+ Kf8 20. Qh5 Bxe5 21. dxe5 Qc5 22. Bd3 f5 23. Qe2 Red8 24. Re1 Rd4 25. Qh5 Rcd8 26. Bf1 Be8 27. Qg5 Rd2 28. Qg3 Bc6 29. Rab1 b6 30. h4 Qd4 31. h5 f4 32. Qh4 Be4 33. Rbc1 Kg8 34. h6 gxh6 35. Be2 Kg7 36.
Bg4 Bg6 37. Qf6+ Kh7 38. Rf1 Rg8 39. Bxe6 Rg7 40. Bf5 f3 41. Bxg6+ Rxg6 42. Qxf3 Qxe5 43. Rce1 Qg5 44. Qf7+ Rg7 45. Qf3 Rd4 46. Re6 Rxc4 47. g3 Rf4 48. Qd3+ Rf5 0-1

[Event "Early-Titled-Tuesday-Blitz-May-28-2024"]
[Site "Chess.com"]
[Date "2024.05.28"]
[Round "8"]
[White "Daaksboy"]
[Black "PeshkaCh"]
[Result "1/2-1/2"]
[WhiteElo "2495"]
[BlackElo "2848"]
[TimeControl "180+1"]
[EndTime "9:31:12 PDT"]
[Termination "Game drawn - insufficient material"]

1. d4 Nf6 2. c4 e6 3. Nc3 d5 4.
cxd5 exd5 5. Bg5 Be7 6. e3 O-O 7. Bd3 c6 8. Nge2 h6 9. Bh4 Nh5 10. Bxe7 Qxe7 11. O-O Bg4 12. Qd2 Bxe2 13. Qxe2 Nf6 14.
Qc2 a5 15. Rab1 Na6 16. a3 Nc7 17. Rfc1 Ne6 18. b4 axb4 19. axb4 Rfc8 20. b5 c5 21. dxc5 Nxc5 22. Bf5 Rc7 23. Qd2 Qe5 24. Bc2 Ne6 25. Bb3 d4 26. exd4 Nxd4 27. Re1 Qd6 28. Rbd1 Rd8 29. Nd5 Nxd5 30. Qxd4 Rcd7 31. g3 Nf6 32.
Qxd6 Rxd6 33. Rxd6 Rxd6 34. Re7 Rd7 35. Bxf7+ Kf8 36.
Rxd7 Nxd7 37. Bd5 b6 38. f4 Ke7 39. Kf2 Kd6 40. Bg2 Nf6 41. Kf3 Kc5 42. Bf1 Kd4 43. h3 Nd5 44. g4 g5 45. fxg5 hxg5 46. Kg3 Ke5 47. h4 gxh4+ 48. Kxh4 Kf4 49. g5 Ne7 50. Bd3 Ke3 51. Bb1 Kf4 52. Kh5 Ke5 53. Kh6 Ng8+ 54. Kh7 Ne7 55. g6 Kd4 56. g7 Kc4 57.
g8=Q+ Nxg8 58. Kxg8 Kxb5 59. Kf7 Kb4 60. Ke6 Kc3 61.
Kd5 b5 62. Kc5 b4 63. Kb5 b3 64. Ka4 Kb2 65. Bh7 Kc3 66. Ka3 b2 67. Ka2 b1=Q+ 68.
Kxb1 1/2-1/2

[Event "Early-Titled-Tuesday-Blitz-May-28-2024"]
[Site "Chess.com"]
[Date "2024.05.28"]
[Round "8"]
[White "LLRChess"]
[Black "Chessmissile07"]
[Result "0-1"]
[WhiteElo "2566"]
[BlackElo "2824"]
[TimeControl "180+1"]
[EndTime "9:31:13 PDT"]
[Termination "Chessmissile07 won on time"]

1. e4 a6 2. d4 d5 3. exd5 Qxd5 4. Nc3 Qd6 5. Nf3 Nf6 6. Bd3 g6 7. Ne4 Nxe4 8. Bxe4 Bg7 9. c3 O-O 10. O-O Nd7 11. Re1 Nf6 12. Bd3 b6 13. Ne5 Bb7 14. Bf4 Nh5 15. Bg3 Nxg3 16. hxg3 c5 17. Nc4 Qc7 18.
dxc5 Qxc5 19. Qe2 Rad8 20. Rad1 e6 21. Ne5 Rd5 22. Nf3 Rfd8 23. Bc2 b5 24. Bb3 Rxd1 25.
Rxd1 Rxd1+ 26. Qxd1 Bf6 27. Qd7 Qc6 28. Qxc6 Bxc6 29.
g4 a5 30. a3 Be4 31. Kf1 Bd3+ 32. Ke1 e5 33. Nd2 e4 34. Bd5 Bg5 35. Nxe4 Bc1 36. b4 a4 37. Nc5 Bb1 38. Bc6 Bxa3 39. Bxb5 Bb2 40. Nxa4 Bc1 41. Kd1 Bg5 42. c4 Bd3 43.
Nc5 Bf1 44. g3 Bf6 45. Ne4 Bd4 46. Ke1 Bg2 47. Nd6 Bc3+ 48. Ke2 Bxb4 49. Ne8 Bb7 50. Nf6+ Kg7 51. g5 h5 52. Ne8+ Kf8 53. f3 Bc5 54.
Nf6 Bd6 55. Nd5 Bxg3 0-1

[Event "Early-Titled-Tuesday-Blitz-May-28-2024"]
[Site "Chess.com"]
[Date "2024.05.28"]
[Round "8"]
[White "ThetNaung291"]
[Black "N_I_Chess"]
[Result "1-0"]
[WhiteElo "2350"]
[BlackElo "2224"]
[TimeControl "180+1"]
[EndTime "9:31:15 PDT"]
[Termination "ThetNaung291 won by checkmate"]

1. d4 Nf6 2. c4 e6 3. Nf3 Bb4+ 4. Bd2 Qe7 5. a3 Bxd2+ 6. Qxd2 O-O 7. Nc3 d6 8. e3 e5 9. Qc2 Bg4 10. dxe5 dxe5 11.
Be2 Nbd7 12. O-O c6 13. h3 Bh5 14. Rfd1 a5 15. Nd2 Bg6 16. Bd3 Bxd3 17. Qxd3 Nc5 18. Qc2 a4 19. Nde4 Nfxe4 20. Nxe4 Nb3 21. Rab1 Rfd8 22.
Rxd8+ Rxd8 23. Rd1 h6 24. Nc3 Ra8 25. Nxa4 Rxa4 26.
Qxb3 Ra8 27. Qb6 g6 28. c5 Kg7 29. Rd6 Ra4 30. Qb3 Ra5 31. Qc3 Ra8 32. f4 Re8 33. b4 Kg8 34. Qxe5 Qxe5 35. fxe5 Rxe5 36. Rd7 Rxe3 37. a4 Ra3 38. a5 Kg7 39. Rxb7 h5 40.
Rb6 Ra4 41. h4 Kf8 42. Kf2 Ke7 43. Ke3 Kd7 44. Kd4 Kc7 45. a6 Kc8 46. Ke5 Kc7 47.
Kf6 Ra1 48. Kxf7 Rf1+ 49. Kxg6 Rf4 50. Kxh5 Rf8 51. g4 Rg8 52. g5 Rh8+ 53. Kg4 Ra8 54. g6 Kd7 55. h5 Ke6 56. Rxc6+ Ke7 57. h6 Rh8 58. h7 Rd8 59. g7 Kf7 60. g8=Q+ Rxg8+ 61. hxg8=Q+ Kxg8 62. Kf5 Kg7 63. Rc7+ Kf8 64. Ke6 Ke8 65.
Rc8# 1-0

[Event "Early-Titled-Tuesday-Blitz-May-28-2024"]
[Site "Chess.com"]
[Date "2024.05.28"]
[Round "8"]
[White "Dexter_Dyke"]
[Black "ChessSwole"]
[Result "0-1"]
[WhiteElo "2447"]
[BlackElo "2686"]
[TimeControl "180+1"]
[EndTime "9:31:16 PDT"]
[Termination "ChessSwole won on time"]

1. e4 c6 2. d4 d5 3. exd5 cxd5 4. c4 Nf6 5. Nc3 Nc6 6. Bg5 Be6 7. Nf3 g6 8. c5 Bg7 9. Be2 O-O 10. O-O Ne4 11. Be3 b6 12. Qa4 Na5 13. Nxe4 dxe4 14. Ng5 Bd7 15.
Qc2 bxc5 16. dxc5 Rb8 17. Rab1 Qc7 18. b4 Nc6 19. a3 Bf5 20. Rfd1 e5 21. g4 Nd4 22. Bxd4 exd4 23. gxf5 d3 24. Bxd3 exd3 25. Rxd3 Qf4 26. Rg3 Rbd8 27. Nxh7 Rd2 28. Qxd2 Qxd2 29. Nxf8 Kxf8 30. fxg6 f5 31. Rf1 Bd4 32. c6 Qc2 33.
b5 Kg7 34. h4 f4 35. Rg4 Qf5 36. Rg2 Qh3 37. Rh2 Qg3+ 38. Rg2 Qxh4 39. Rd1 f3 40.
Rxd4 Qxd4 41. Rg3 Qc4 42. Rxf3 Qxb5 43. Rc3 Qb1+ 44. Kh2 Qb2 45. Rg3 Qxf2+ 46. Kh3 Qf5+ 47. Kh4 Qf6+ 48. Kh3 Qxc6 49. Kh4 Qe4+ 50. Rg4 Qf3 51. Kh5 Qxa3 52. Kg5 Qc5+ 53. Kh4 a5 54. Rf4 Qe7+ 55. Kg4 Qe6+ 56. Kg5 Qxg6+ 57. Kh4 a4 58. Rg4 Qxg4+ 59. Kxg4 a3 60. Kf3 a2 61. Ke2 a1=Q 62. Kd3 Qe5 63. Kc4 Kf6 64. Kb3 Ke6 65. Kc2 Kd5 66. Kb3 Qd4 67. Kc2 Kc4 68. Kb1 Qd2 69. Ka1 Kb3 0-1

[Event "Early-Titled-Tuesday-Blitz-May-28-2024"]
[Site "Chess.com"]
[Date "2024.05.28"]
[Round "8"]
[White "topce"]
[Black "RantomOpening"]
[Result "1/2-1/2"]
[WhiteElo "2412"]
[BlackElo "2556"]
[TimeControl "180+1"]
[EndTime "9:31:21 PDT"]
[Termination "Game drawn by repetition"]

1. e4 e5 2. Nf3 Nc6 3. Nc3 Nf6 4.
Bb5 Bd6 5. O-O O-O 6. Bxc6 dxc6 7. h3 b5 8. d3 a6 9. Ne2 h6 10. Ng3 Be6 11. b3 Nd7 12. Nh2 Qh4 13. Qf3 Nf6 14. Bb2 Qf4 15. Rae1 Qxf3 16. Nxf3 Nd7 17. d4 exd4 18.
Nxd4 Be5 19. f4 Bxd4+ 20. Bxd4 f6 21. f5 Bf7 22. Ne2 Rfe8 23. Nf4 Ne5 24. Bxe5 Rxe5 25. Nd3 Re7 26. Kf2 a5 27. Kf3 a4 28. g4 axb3 29.
axb3 Rae8 30. Rg1 g5 31. Nc5 Kg7 32. Rd1 Re5 33. b4 h5 34. Rd7 hxg4+ 35. hxg4 R5e7 36.
Rgd1 Kf8 37. R1d4 Rxd7 38. Nxd7+ Ke7 39. Nc5 Rd8 40. Rxd8 Kxd8 41. Ke3 Ke7 42. Kd4 Bc4 43. e5 Be2 44. Ne4 fxe5+ 45. Kxe5 Bxg4 46. f6+ Kf8 47. Nxg5 c5 48. c3 cxb4 49. cxb4 Bd7 50. Ne4 Bc6 51. Nc5 Kf7 52. Ne6 Bf3 53. Nxc7 Be2 54. Ne6 Bf1 55. Ng5+ Kf8 56. Ne4 Bc4 57. Nd6 Bf1 58.
Kd4 Be2 59. Kc5 Bf1 60. Kc6 Be2 61. Kc5 Bf1 62. Kd5 Be2 63. Ke5 Bf1 64. Ne4 Be2 65.
Ng5 Bc4 66. Kf5 Bd3+ 67. Ke5 Bc4 68. Kd6 Bf1 69. Ke5 Bc4 1/2-1/2

[Event "Early-Titled-Tuesday-Blitz-May-28-2024"]
[Site "Chess.com"]
[Date "2024.05.28"]
[Round "8"]
[White "HouseOfDurin"]
[Black "yobdc"]
[Result "0-1"]
[WhiteElo "2276"]
[BlackElo "2530"]
[TimeControl "180+1"]
[EndTime "9:31:24 PDT"]
[Termination "yobdc won by resignation"]

1. d4 Nf6 2. Bg5 g6 3. Bxf6 exf6 4. c4 d5 5. e3 dxc4 6. Bxc4 Bd6 7. Nc3 O-O 8. Bd5 c6 9. Bf3 Re8 10. Nge2 Nd7 11. O-O f5 12. g3 Nf6 13. Qc2 h5 14. h4 Be6 15. Rfd1 Qe7 16. Kg2 Rad8 17. Rac1 Bb8 18.
a3 Ng4 19. Bxg4 hxg4 20. Nf4 Bc8 21. d5 Qf6 22. dxc6 Qxc6+ 23. Ncd5 Bxf4 24. Qxc6 bxc6 25. Nf6+ Kf8 26. Nxe8 Rxe8 27. gxf4 Ba6 28. Rd2 Re7 29. b4 Bb5 30. Kg3 Kg7 31. Rd6 a5 32. bxa5 Ra7 33. Rdxc6 Bxc6 34. Rxc6 Rxa5 35. Rc3 Ra4 36. f3 gxf3 37.
Kxf3 Kh6 38. Kg3 Kg7 39. Kf3 Kh6 40. Kf2 Kg7 41. Ke2 Kh6 42. Kd2 Kh5 43. Kc2 Kxh4 44.
Kb3 Ra8 45. a4 f6 46. Rc6 Re8 47. Rc3 g5 48. fxg5 fxg5 49. a5 g4 50. Kb4 g3 51.
Rc4+ Kh3 52. Rc1 Rxe3 53. a6 Re8 54. Kb5 f4 55. Kb6 g2 56. Kb7 f3 57. a7 f2 58.
Rc8 Re7+ 59. Rc7 Rxc7+ 60. Kxc7 g1=Q 61. a8=Q f1=Q 62. Qh8+ Kg2 63. Qg7+ Kf2 64. Qf6+ Ke1 65. Qc3+ Ke2 66. Qe5+ Qe3 67. Qb2+ Kf3 68. Qf6+ Qf4+ 69. Qxf4+ Kxf4 0-1

[Event "Early-Titled-Tuesday-Blitz-May-28-2024"]
[Site "Chess.com"]
[Date "2024.05.28"]
[Round "8"]
[White "Barmen_EV"]
[Black "Quattroporte300"]
[Result "1/2-1/2"]
[WhiteElo "2548"]
[BlackElo "2405"]
[TimeControl "180+1"]
[EndTime "9:31:26 PDT"]
[Termination "Game drawn - insufficient material"]

1. e4 c5 2. c3 d5 3. exd5 Qxd5 4. d4 Nf6 5. Nf3 e6 6. Be3 Nc6 7. Bd3 Be7 8. O-O O-O 9. dxc5 Rd8 10. Bc2 Qxd1 11.
Rxd1 Rxd1+ 12. Bxd1 Ng4 13. Bd4 e5 14. Be3 Nxe3 15.
fxe3 Bxc5 16. Kf2 Bf5 17. Nbd2 Rd8 18. Bb3 Kf8 19. Bc4 f6 20. a4 a5 21. Bb5 Ke7 22.
Ke2 g5 23. e4 Be6 24. Bc4 h5 25. h3 g4 26. hxg4 hxg4 27. Nh4 Rxd2+ 28. Kxd2 Bxc4 29.
Nf5+ Kd7 30. Rh1 Ne7 31. Ne3 Be6 32. Rh7 Ke8 33. Nc2 Bb3 34. Rh8+ Kd7 35. Rb8 Kc7 36. Rf8 Bxa4 37. Rxf6 Bc6 38. Rf7 Bxe4 39. Ne3 g3 40. Rg7 Kd7 41. Rxg3 Ke6 42. Rg4 Bc6 43. Rg5 Kf6 44.
Rh5 Bxe3+ 45. Kxe3 Bxg2 46. Rh6+ Ng6 47. Rh2 Bc6 48.
b4 a4 49. c4 Nf4 50. b5 Bg2 51. Rh8 Ke6 52. Ra8 Kd6 53. Rxa4 Kc5 54. Ra5 b6 55. Ra7 Kxc4 56. Rg7 Kxb5 57. Rg5 Kc4 58. Rxe5 Nd5+ 59. Kf2 Bh3 60. Re4+ Kc5 61. Re1 Bd7 62. Ke2 b5 63. Kd2 b4 64. Rc1+ Kb5 65. Kd3 Bc6 66. Kd4 Nc3 67.
Rxc3 bxc3 68. Kxc3 1/2-1/2

[Event "Early-Titled-Tuesday-Blitz-May-28-2024"]
[Site "Chess.com"]
[Date "2024.05.28"]
[Round "8"]
[White "Timerkhanov"]
[Black "DominguezOnYoutube"]
[Result "0-1"]
[WhiteElo "2747"]
[BlackElo "2988"]
[TimeControl "180+1"]
[EndTime "9:31:27 PDT"]
[Termination "DominguezOnYoutube won by resignation"]

1. d4 Nf6 2. Bg5 d5 3. Nd2 c6 4. Bxf6 exf6 5. e3 f5 6. g3 Nd7 7. Bg2 Nf6 8. Ne2 Bd6 9. c4 dxc4 10. Nxc4 Bc7 11. Qc2 g6 12. h4 h5 13. Rc1 Qe7 14.
Nf4 O-O 15. Qb3 Rd8 16. O-O Bxf4 17. exf4 Be6 18. Qc3 Bxc4 19. Qxc4 Rd6 20. Rfe1 Qd7 21. Rcd1 Rd8 22. Qb3 Nd5 23. Re5 Nb6 24. Rde1 Nc8 25. d5 cxd5 26. Bxd5 Rxd5 27. Rxd5 Qxd5 28. Re8+ Kg7 29.
Qxd5 Rxd5 30. Rxc8 Rd2 31. b3 Rxa2 32. Rc7 b5 33.
Rb7 a6 34. Rb6 Ra3 35. Kg2 Rxb3 36. Rxa6 Rd3 37. Rb6 Rd5 38. Kf3 Kf8 39. Ke3 Ke7 40.
Rb7+ Ke6 41. Rb6+ Kd7 42. Rb7+ Kc6 43. Rb8 Kc5 44. Rc8+ Kb4 45. Rc7 Rd6 46. Rxf7 Kb3 47. Rb7 b4 48. f3 Kc3 49. g4 Re6+ 50. Kf2 b3 51. gxf5 gxf5 52. Rc7+ Kb4 53. Rb7+ Kc4 54. Rc7+ Kb5 55. Rb7+ Rb6 56. Rd7 b2 57. Rd1 Kc4 58.
Ke3 Kc3 59. Rd3+ Kc2 60. Rd2+ Kb3 61. Rd1 Rc6 62. Rd8 Rc3+ 63. Kd4 Rc4+ 64. Kd5 Rb4 65. Ke5 b1=Q 66. Kf6 Ka4 67. Ra8+ Kb5 68. Rb8+ Kc6 69. Rc8+ Kd7 70. Re8 Rb6+ 0-1

[Event "Early-Titled-Tuesday-Blitz-May-28-2024"]
[Site "Chess.com"]
[Date "2024.05.28"]
[Round "8"]
[White "kachsona"]
[Black "Lady_Nika"]
[Result "1/2-1/2"]
[WhiteElo "2630"]
[BlackElo "2526"]
[TimeControl "180+1"]
[EndTime "9:31:29 PDT"]
[Termination "Game drawn - insufficient material"]

1. e4 e6 2. d4 d5 3. Nd2 Nf6 4. e5 Nfd7 5. Bd3 Be7 6. Ne2 c5 7. c3 Nc6 8. O-O O-O 9. f4 Qb6 10. Nf3 cxd4 11. cxd4 f5 12. a3 a5 13. Qc2 Rd8 14.
h3 Nf8 15. g4 g6 16. Be3 Bd7 17. Kh2 a4 18. Rg1 Kh8 19. h4 Na5 20. h5 Rac8 21. Qb1 Nb3 22. hxg6 hxg6 23. Ra2 Bb5 24.
gxf5 exf5 25. Ng3 Bxd3 26. Qxd3 Qa6 27. Qd1 Rc7 28. Nd2 Rc1 29. Qe2 Rxg1 30. Kxg1 Qxe2 31.
Nxe2 Rc8 32. Nc3 Nc1 33. Ra1 Nd3 34. Nxa4 b5 35. Nc3 Nxb2 36. Nxd5 Bd8 37. Rb1 Nc4 38. Nxc4 bxc4 39. Bd2 Ne6 40. Bc3 Bh4 41. Kg2 Rd8 42. Ne3 Nxf4+ 43. Kf3 Ne6 44. Rh1 Nxd4+ 45. Bxd4 Rxd4 46.
Ng2 g5 47. Nxh4 gxh4 48. a4 Kg7 49. a5 Kf7 50. a6 Ke6 51. a7 Rd3+ 52. Kf4 Rd4+ 53.
Ke3 Rd3+ 54. Kf4 Ra3 55. Rxh4 Rxa7 56. Rh6+ Kd5 57. Rd6+ Kc5 58. Kxf5 c3 59. Rd8 Rc7 60. Rd1 c2 61. Rc1 Kd4 62. e6 Kd3 63. Ke5 Kd2 64. Rxc2+ Kxc2 65. Kd6 Ra7 66. e7 Ra6+ 67. Kc7 Ra8 68. Kd7 Kc3 69. e8=Q Rxe8 70. Kxe8 1/2-1/2

[Event "Early-Titled-Tuesday-Blitz-May-28-2024"]
[Site "Chess.com"]
[Date "2024.05.28"]
[Round "8"]
[White "Semetey"]
[Black "chessburger_tv"]
[Result "1/2-1/2"]
[WhiteElo "2532"]
[BlackElo "2392"]
[TimeControl "180+1"]
[EndTime "9:31:29 PDT"]
[Termination "Game drawn by stalemate"]

1. Nc3 b5 2. Nxb5 Nf6 3. d4 g6 4. Nf3 Bg7 5. Nc3 O-O 6. Bf4 Bb7 7. e3 d6 8. Bc4 Nbd7 9. O-O Qb8 10. Bb3 a5 11. a4 Re8 12. h3 c5 13. Bh2 Ba6 14. Re1 c4 15. Ba2 Qxb2 16. Qd2 Qb7 17. e4 Rac8 18. Rab1 Qa8 19. e5 Nd5 20. exd6 exd6 21.
Bxd6 Qc6 22. Rxe8+ Rxe8 23. Bg3 N7f6 24. Nb5 Ne4 25.
Qxa5 Nxg3 26. fxg3 Bf6 27. Bxc4 Qxc4 28. Qxa6 Re2 29.
Nc7 Qxc2 30. Nxd5 Bxd4+ 31. Kh1 Qxb1+ 32. Kh2 Qf1 33. Qa8+ Kg7 34. Nf4 Ra2 35. Nxd4 Qa1 36. Qe4 Rxa4 37. Qe5+ Kg8 38. Qb8+ Kg7 39. Qe5+ Kg8 40.
Qe8+ Kg7 41. Nde6+ fxe6 42. Nxe6+ Kf6 43. Nf4 Qd1 44.
Qh8+ Kf7 45. Qxh7+ Ke8 46. Qxg6+ Kd7 47. Qf5+ Kc6 48. h4 Kb7 49. h5 Ra1 50. Qd5+ Qxd5 51. Nxd5 Kc8 52. g4 Kd7 53. Kg3 Ke6 54. Nf4+ Kf7 55.
Kh4 Ra5 56. g5 Ra4 57. g3 Ra1 58. Kg4 Ra4 59. h6 Kg8 60. g6 Ra5 61. Kh4 Rb5 62. g4 Ra5 63. Ne6 Ra6 64. Nf4 Kh8 65. g5 Ra4 66.
Kg3 Rb4 67. g7+ Kh7 68. g6+ Kg8 69. Ne6 Rg4+ 70. Kf3 Rg3+ 71. Ke4 Re3+ 72. Kd5 Re5+ 73.
Kd6 Rxe6+ 74. Kxe6 1/2-1/2

[Event "Early-Titled-Tuesday-Blitz-May-28-2024"]
[Site "Chess.com"]
[Date "2024.05.28"]
[Round "8"]
[White "linesman39"]
[Black "secrethawk1"]
[Result "0-1"]
[WhiteElo "2270"]
[BlackElo "2410"]
[TimeControl "180+1"]
[EndTime "9:31:30 PDT"]
[Termination "secrethawk1 won by checkmate"]

1. d4 c6 2. c4 d5 3. cxd5 cxd5 4.
Bg5 Nc6 5. Nc3 Nf6 6. Bxf6 exf6 7. e3 Be7 8. g3 O-O 9. Bg2 Be6 10. Nge2 Bd6 11.
O-O Ne7 12. Rc1 a6 13. Qb3 Qd7 14. Nxd5 Bxg3 15. Nxe7+ Qxe7 16. d5 Bxh2+ 17. Kxh2 Qd6+ 18. Ng3 Bg4 19. f4 h5 20. Bf3 f5 21. Bxg4 fxg4 22.
Nf5 Qf6 23. e4 g6 24. Ng3 Qh4+ 25. Kg2 Qh3+ 26. Kg1 h4 27. Ne2 g3 28. Rf2 gxf2+ 29.
Kxf2 Qh2+ 30. Ke3 Rfe8 31. Qd3 h3 32. Kd4 Qf2+ 33. Qe3 Qxe3+ 34. Kxe3 Rad8 35. Rh1 Rxd5 36. Rxh3 Rb5 37. b3 Ra5 38. Nc3 Rc5 39. Kd4 Rh5 40. Rg3 Kg7 41. Nd5 Rh1 42. Rd3 Re1 43. e5 Rd8 44. a4 Rf1 45. Ke4 Re1+ 46. Kd4 Rc1 47. Ke3 Rc5 48. Ke4 Rc6 49. b4 Rc4+ 50. Ke3 Rc2 51.
b5 axb5 52. axb5 Rc5 53. Nc3 Rxd3+ 54. Kxd3 g5 55. Kd4 Rc8 56. fxg5 Rd8+ 57. Nd5 Kg6 58.
Kc5 Kxg5 59. Nc7 Kf5 60. Kb6 Kxe5 61. Kxb7 f5 62. Kc6 f4 63. b6 f3 64. Nb5 f2 65. Nd4 Rxd4 66. b7 Rb4 67. Kc7 Rxb7+ 68. Kxb7 f1=Q 69. Kc7 Qd3 70. Kc6 Qd4 71. Kc7 Qd5 72.
Kb6 Kd4 73. Kc7 Kc4 74. Kb6 Qd6+ 75. Kb7 Kb5 76. Kc8 Qe7 77. Kb8 Kb6 78. Kc8 Qc7# 0-1

[Event "Early-Titled-Tuesday-Blitz-May-28-2024"]
[Site "Chess.com"]
[Date "2024.05.28"]
[Round "8"]
[White "jens1102"]
[Black "DanielDardha2005"]
[Result "1-0"]
[WhiteElo "2727"]
[BlackElo "2861"]
[TimeControl "180+1"]
[EndTime "9:31:32 PDT"]
[Termination "jens1102 won by resignation"]

1. d4 Nf6 2. c4 d6 3. Nc3 e5 4. Nf3 exd4 5. Nxd4 g6 6. g3 Bg7 7.
Bg2 O-O 8. O-O Re8 9. Bg5 h6 10.
Bf4 Nbd7 11. Rc1 Nc5 12. b4 Nce4 13. Nxe4 Nxe4 14. Qd3 Qe7 15. Nb5 Bf5 16. g4 Nxf2 17. Qg3 Nxg4 18. e4 Be6 19. c5 Ne5 20. cxd6 cxd6 21.
Nc7 Bxa2 22. Nxa8 Rxa8 23. Bh3 b5 24. Rc2 Bc4 25. Rd1 a5 26. bxa5 Rxa5 27. Rcd2 Ra6 28. Bf1 Bxf1 29. Rxf1 Nc4 30. Re2 d5 31. e5 Ra3 32.
Rf3 Qa7+ 33. Qf2 Ra1+ 34. Kg2 Qd7 35. Rg3 d4 36. e6 Qd5+ 37. Qf3 Qxf3+ 38. Kxf3 fxe6 39.
Rxg6 Ra3+ 40. Kg2 Kf7 41. Rgxe6 Bf6 42. Rc6 d3 43. Rf2 Kg8 44. Rxf6 Rc3 45. Bd2 Rc2 46. Bxh6 d2 47. Bxd2 Rxd2 48. Rxd2 Nxd2 49. Rb6 Ne4 50.
Rxb5 Nf6 51. Rb6 Kg7 52. h4 Kg6 53. Kh3 Kf5 54. Rb5+ Kg6 55. Ra5 Nh5 56. Kg4 Nf6+ 57.
Kg3 Nh5+ 58. Kf3 Nf6 59. Rg5+ Kh6 60. Rf5 Kg6 61. Rg5+ Kh6 62. Rb5 Kg6 63. Rb6 Kf5 64. Ra6 Nh5 65. Ra5+ Kg6 66. Rg5+ Kh6 67. Kg4 Nf6+ 68.
Kf5 Nh5 69. Rg8 Ng7+ 70. Kf6 Nh5+ 71. Kf7 Kh7 72. Rg5 Nf4 73. Rf5 1-0